 Dungeon Crawl Stone Soup version 0.29.1-2-gbd0b4ee654 (webtiles) character file.

Game seed: 5317445146664510531

4 jamestheduck25 the Vexing (level 1, 0/7 HPs)
             Began as a Felid Enchanter on Nov 18, 2022.
             Slain by a jackal (2 damage)
             ... on level 1 of the Dungeon.
             The game lasted 00:00:14 (271 turns).

jamestheduck25 the Vexing (Felid Enchanter)          Turns: 271, Time: 00:00:15

Health: 0/7        AC:  1    Str:  4    XL:     1   Next: 58%
Magic:  4/4        EV: 17    Int: 16    God:
Gold:   14         SH:  0    Dex: 16    Spells: 4/4 levels left
                                        Lives:  0   Deaths: 0

rFire   . . .      SeeInvis +     - Unarmed
rCold   . . .      Faith    .   (shield unavailable)
rNeg    . . .      Spirit   .   (body armour unavailable)
rPois   .          Reflect  .   (helmet unavailable)
rElec   .          Harm     .   (cloak unavailable)
rCorr   .          Rampage  .   (gloves unavailable)
Will    .....                   (boots unavailable)
Stlth   +++.......              (no amulet)
HPRegen 0.02/turn               (no ring)
MPRegen 0.09/turn               (no ring)

@: quick
A: very small, claws 1, fangs 3, see invisible, speed 1, shaggy fur 1, stealthy
paws, no weapons or thrown items, no armour, multi-lived
a: no special abilities


You were on level 1 of the Dungeon.
You visited 1 branch of the dungeon, and saw 1 of its levels.

You collected 14 gold pieces.

Inventory:

Jewellery
 b - an amulet of the acrobat
Scrolls
 c - a scroll of fear {unknown}
 d - a scroll of magic mapping {unknown}
 e - a scroll of vulnerability {unknown}
 f - a scroll of silence {unknown}
Potions
 a - 2 potions of invisibility
 g - a potion of might {unknown}


   Skills:
 + Level 2.7 Dodging
 + Level 4.2 Stealth
 + Level 1.0 Unarmed Combat
 + Level 2.0 Spellcasting
 + Level 4.6 Hexes


You had 4 spell levels left.
You didn't know any spells.
Your spell library contained the following spells:

 Spells                   Type           Power      Damage    Failure   Level
 Confusing Touch          Hex            16%        N/A       9%          3
 Tukima's Dance           Hex            16%        N/A       9%          3
 Ensorcelled Hibernation  Hex/Ice        18%        N/A       12%         2
 Dazzling Flash           Conj/Hex       18%        N/A       24%         3


Dungeon Overview and Level Annotations

Branches:
Dungeon (1/15)

Altars:


Innate Abilities, Weirdness & Mutations

You have sharp claws.
You have razor-sharp teeth.
You have supernaturally acute eyesight. (SInv)
You cover ground quickly. (Speed+)
You are covered in fur. (AC +1)
Your paws help you pounce on unaware monsters.
You are incapable of wielding weapons or throwing items.
You cannot wear armour.
You gain extra lives every three experience levels.


Message History

You kill the jackal!
The jackal barks!
A jackal is nearby!
You barely miss the jackal. The jackal closely misses you. x2
A jackal is nearby!
You scratch the jackal.
The jackal is almost dead.
The jackal barely misses you.
A jackal is nearby!
You barely miss the jackal. You bite the jackal, but do no damage.
The jackal is almost dead.
The jackal bites you.
A jackal is nearby!
You closely miss the jackal.
The jackal is almost dead.
The jackal closely misses you. The jackal completely misses you.
A jackal is nearby!
You barely miss the jackal.
The jackal is almost dead.
The jackal closely misses you.
A jackal is nearby!
You miss the jackal.
The jackal is almost dead.
The jackal bites you.
* * * LOW HITPOINT WARNING * * *
The jackal misses you.
A jackal is nearby!
You are too injured to fight recklessly!
A jackal is nearby!
You are too injured to fight recklessly!
A jackal is nearby!
You are too injured to fight recklessly!
A jackal is nearby!
You scratch the jackal but do no damage.
The jackal is almost dead.
The jackal closely misses you.
You closely miss the jackal. You bite the jackal, but do no damage.
The jackal is almost dead.
The jackal bites you.
You die...

##### #...# #...#
######### ##### #...#
#.......# ##...####...#
#.......#
##....⌠..#...###.†.....#
................@h......
......_..#...###.......#
####......########....##
................. ....#
######.##........ ...#
#.##........ ...#
#.##........ ..#
##.##........ #.#
###..##........


You could see a jackal.

Vanquished Creatures
  A bat (D:1)
  A jackal (D:1)
  A ball python (D:1)
  A kobold (D:1)
  A rat (D:1)
5 creatures vanquished.

Notes
Turn   | Place    | Note
-------+----------+-------------------------------------------
     0 | D:1      | jamestheduck25 the Felid Enchanter began the quest for the
                  | Orb.
     0 | D:1      | Reached XP level 1. HP: 7/7 MP: 4/4
   119 | D:1      | Found a faded altar of an unknown god.
   271 | D:1      | Slain by a jackal

Illustrated notes

Levels and vault maps discovered:
D:1:      dpeg_arrival_rooms_b, layout_basic, hellmonk_ecumenical_altar_run_dry,
          chequers_serial_rivers_large_b

Action                   || total
-------------------------++-------
Melee: Unarmed           ||    20
       Bite              ||     4
 Stab: Sleeping          ||     2
Armor: Skin              ||     2
Dodge: Dodged            ||    21
